 Dungeon Crawl Stone Soup version 0.21.1-1-g345015f (webtiles) character file.

181 empire the Slasher (level 5, 0/45 HPs)
             Began as a Minotaur Fighter on Apr 19, 2018.
             Slain by Redear's ghost (2 damage)
             ... on level 3 of the Dungeon.
             The game lasted 00:05:06 (2086 turns).

empire the Slasher (Minotaur Fighter)               Turns: 2086, Time: 00:05:06

Health: 0/45       AC:  7    Str: 26    XL:     5   Next: 34%
Magic:  4/4        EV: 12    Int:  5    God:
Gold:   212        SH: 11    Dex: 15    Spells: 4/4 levels left

rFire    . . .     SeeInvis .   a - +0 long sword
rCold    . . .     Gourm    .   c - +1 shield
rNeg     . . .     Faith    .   b - +0 scale mail
rPois    .         Spirit   .   (helmet restricted)
rElec    .         Reflect  .   (no cloak)
rCorr    .         Harm     +   (no gloves)
MR       .....                  (no boots)
Stlth    +.........             j - amulet of harm
HPRegen  0.15/turn              (no ring)
MPRegen  0.09/turn              (no ring)

@: mighty, agile, lethally poisoned (0 -> -12), about to teleport
A: retaliatory headbutt, horns 2
a: no special abilities


You were on level 3 of the Dungeon.
You were very hungry.

You visited 1 branch of the dungeon, and saw 3 of its levels.

You collected 212 gold pieces.

Inventory:

Hand Weapons
 a - a +0 long sword (weapon)
Missiles
 q - a tomahawk (quivered)
Armour
 b - a +0 scale mail (worn)
 c - a +1 shield (worn)
Jewellery
 j - an amulet of harm (around neck)
Wands
 m - a wand of polymorph (17)
Scrolls
 e - a scroll of teleportation
 g - 3 scrolls of enchant armour
 h - 2 scrolls of identify
 k - a scroll of noise
 n - a scroll of magic mapping {unknown}
 p - a scroll of amnesia {unknown}
Potions
 d - a potion of might
 l - a potion of flight
 o - a potion of brilliance
Comestibles
 f - 2 rations


   Skills:
 - Level 3.6 Fighting
 + Level 5.4 Long Blades
 - Level 5.1 Armour
 + Level 4.2 Shields


You had 4 spell levels left.
You didn't know any spells.

Dungeon Overview and Level Annotations

Branches:
Dungeon (3/15)

Altars:

Annotations:
D:3 Redear's ghost, amateur DsSk


Innate Abilities, Weirdness & Mutations

You reflexively headbutt those who attack you in melee.
You have a pair of horns on your head.


Message History

You block the gnoll's attack. Redear's ghost stares at you.
The gnoll hits you from afar with a spear!
* * * LOW HITPOINT WARNING * * *
A gnoll comes into view. It is wielding a halberd.
Okay, then.
You barely miss Redear's ghost. Redear's ghost hits you.
* * * LOW HITPOINT WARNING * * *
You are poisoned.
You block the gnoll's attack. x2
Unknown command.
Okay, then.
As you read the scroll of teleportation, it crumbles to dust.
You feel strangely unstable.
You feel sick. Redear's ghost hits you.
* * * LOW HITPOINT WARNING * * *
You are more poisoned.
The gnoll barely misses you. You block the gnoll's attack.
* * * LOW HITPOINT WARNING * * *
You feel sick. Redear's ghost hits you.
You die...

##..................#######
..................>.........
#.#..................#####..
#..............####### #.#
##.............#### #.#
................... #.#
................... #..
..........$(....... #.#
..........@....... ###
.......g[W....... #.
..[g..g))....).. #.
................ #.
?.....<......... #.
.........?...... ##
................ #
................ #
................


You could see Redear's ghost and 3 gnolls.

Vanquished Creatures
  Jessica (D:2)
  A worker ant (D:3)
  Robin (D:2)
  An adder (D:2)
  An ooze (D:2)
  A worm (D:2)
  3 dart slugs
  5 leopard geckos
  5 orcs
  A ball python (D:3)
  6 bats
  4 giant cockroaches
  13 goblins
  13 hobgoblins
  4 jackals (D:3)
  10 kobolds
  4 frilled lizards
  7 rats
81 creatures vanquished.

Notes
Turn   | Place    | Note
-------+----------+-------------------------------------------
     0 | D:1      | empire the Minotaur Fighter began the quest for the Orb.
     0 | D:1      | Reached XP level 1. HP: 19/19 MP: 0/0
    96 | D:1      | Reached XP level 2. HP: 23/26 MP: 1/1
   614 | D:1      | Reached XP level 3. HP: 31/31 MP: 2/2
  1011 | D:2      | Noticed Jessica
  1017 | D:2      | Killed Jessica
  1017 | D:2      | Reached skill level 5 in Long Blades
  1158 | D:2      | Reached XP level 4. HP: 30/39 MP: 3/3
  1394 | D:2      | Noticed Robin
  1436 | D:2      | Killed Robin
  1436 | D:2      | Reached skill level 5 in Armour
  1996 | D:3      | Reached XP level 5. HP: 45/45 MP: 4/4
  2077 | D:3      | Noticed Redear's ghost (amateur DsSk)
  2086 | D:3      | HP: 2/45 [poisoned by Redear's ghost]
  2086 | D:3      | Slain by Redear's ghost

Skill      XL: |  1  2  3  4  5 |
---------------+----------------+-----
Long Blades    | 3 4 5 |  5.4
Armour         | 4 5 |  5.1
Shields        | 4 |  4.2
Fighting       | |  3.6

Action                   |  1- 3 |  4- 6 || total
-------------------------+-------+-------++-------
Melee: Long sword        |    83 |   112 ||   195
       Headbutt          |    13 |    16 ||    29
  Use: Scroll            |     2 |     6 ||     8
       Potion            |       |     3 ||     3
  Eat: Chunk             |     1 |     2 ||     3
Armor: Scale mail        |    18 |    16 ||    34
       Ring mail         |     7 |    21 ||    28
Dodge: Dodged            |    33 |    35 ||    68
Block: Shield            |    46 |    86 ||   132
       Rpst.: Long sword |     8 |     6 ||    14
